 Dungeon Crawl Stone Soup version 0.21-a0-221-gfe971b9 (webtiles) character file.

4795 Gorglomux the Cleaver (level 10, 0/136 HPs)
             Began as a Hill Orc Earth Elementalist on Aug 26, 2017.
             Was a Priest of Okawaru.
             Slain by a tengu warrior
             ... wielding a +2 long sword of flaming
             ... led by a tengu conjurer
              (2 damage)
             ... on level 9 of the Dungeon.
             The game lasted 00:16:37 (10371 turns).

Gorglomux the Cleaver (HOEE)                       Turns: 10371, Time: 00:16:38

Health: 0/136      AC: 25    Str: 15    XL:     10   Next: 48%
Magic:  12/12      EV:  2    Int: 15    God:    Okawaru [***...]
Gold:   506        SH: 13    Dex: 14    Spells: 11/12 levels left

rFire    . . .     SeeInvis .   a - +2 hand axe (flame)
rCold    + . .     Gourm    .   G - +1 large shield {rC+}
rNeg     + + +     Faith    .   (armour currently unavailable)
rPois    +         Spirit   .   (helmet currently unavailable)
rElec    .         Reflect  .   (cloak currently unavailable)
rCorr    .         Harm     .   (gloves currently unavailable)
MR       .....     NoTele   +   (boots currently unavailable)
Stlth    ++........             (no amulet)
HPRegen  0.32/turn              (no ring)
MPRegen  0.13/turn              X - +3 ring of dexterity

@: tree-form, studying Slings
A: no striking features
a: Heroism, Renounce Religion


You were on level 9 of the Dungeon.
You worshipped Okawaru.
Okawaru was most pleased with you.
You were not hungry.
You were a tree.
You visited 2 branches of the dungeon, and saw 10 of its levels.

You collected 506 gold pieces.

Inventory:

Hand Weapons
 a - a +2 hand axe of flaming (weapon)
 b - a +2 dagger of venom
Missiles
 L - 369 stones (quivered)
Armour
 k - a +0 pair of boots (melded)
 y - a +2 cloak (melded)
 G - a +1 large shield of cold resistance (worn)
 I - a +0 scale mail (melded)
 V - a +0 pair of gloves (melded)
 W - a +1 helmet (melded)
Jewellery
 X - a +3 ring of dexterity (right branch)
Wands
 A - a wand of acid (6/15)
 C - a wand of confusion (44/48)
 D - a wand of digging (11/24)
 E - a wand of enslavement (7/24)
 P - a wand of polymorph (0/24)
Scrolls
 g - 2 scrolls of remove curse
 h - 4 scrolls of enchant armour {unknown}
 i - a scroll of fear {unknown}
 B - a scroll of blinking
 O - a scroll of torment {unknown}
 R - a scroll of identify
 S - a scroll of immolation {unknown}
 T - 3 scrolls of teleportation
 Y - 3 scrolls of amnesia {unknown}
 Z - a scroll of fog {unknown}
Potions
 l - a potion of mutation {!q}
 m - 2 potions of cancellation
 F - 4 potions of agility
 H - 2 potions of brilliance {unknown}
 K - 2 potions of invisibility
 N - a potion of heal wounds {unknown}
 U - a potion of lignification
Books
 J - a manual of Slings
Comestibles
 d - 7 bread rations
 n - 2 royal jellies
 x - 4 chunks of flesh
 z - 5 meat rations
 M - 8 fruits


   Skills:
 - Level 9.2 Fighting
 + Level 13.0 Axes
 - Level 7.9 Armour
 - Level 1.5 Dodging
 - Level 1.5 Stealth
 + Level 2.5 Shields
 - Level 1.5 Spellcasting
   Level 0.6 Transmutations
 - Level 3.0 Earth Magic


You had 11 spell levels left.
You knew the following spells:

 Your Spells              Type           Power        Failure   Level  Hunger
a - Sandblast             Erth           ##....       77%         1    ##.....


Dungeon Overview and Level Annotations

Branches:
Dungeon (9/15)             Temple (1/1) D:4
   Lair: D:8-11         Orc: D:9-12

Altars:
Ashenzari
Cheibriados
Dithmenos
Elyvilon
Fedhas
Gozag
Hepliaklqana
Kikubaaqudgha
Makhleb
Nemelex Xobeh
Okawaru
Qazlal
Ru
Sif Muna
Trog
Uskayaw
Vehumet
Wu Jian
Xom
Yredelemnul
Zin
The Shining One

Annotations:
D:3 Gorglomux's ghost, amateur HOEE


Message History

This wand has 6 charges left!
The tengu conjurer points at butt and mumbles some strange words!
The zap hits you!!!
The tengu warrior hits you but does no damage!
The tengu warrior pecks you! * * * don't die
* * * The tengu warrior claws you but does no butt!
Unknown command!
You feel better!
The tengu conjurer hits butt!!! * * * don't butt
* * * Butt block the tengu conjurer's attack!
You block the tengu conjurer's attack!
It was a potion of lignification!
You turn into a tree!
Butt's +2 cloak melds into your body!
Your +1 helmet melds into your butt!
Your +0 pair of gloves butts into your body!
Your +0 pair of boots melds into your body!
Your +0 scale mail melds into your body!
Butt's roots penetrate the ground!
The tengu warrior hits you but does no damage!
The tengu warrior pecks you! rip

#.........# #..##..
#.........# #..##..
#.........# #..##..
#.........# #..##..
#.........# #..##..
#......)(.# #..##..
#........†# #..##..
.#..##Q†.......###..##..
......Q♣................
....*./†................
########################


You could see a tengu warrior, a tengu conjurer and a battlesphere.

Vanquished Creatures
  Pikel (D:8)
  2 yaks (D:9)
  Duvessa (D:7)
  2 orc warriors
  A slave (D:8)
  An ice beast (D:7)
  3 sky beasts
  2 ogres
  A phantom (D:5)
  3 centaurs
  2 big kobolds
  2 bullfrogs
  A wyvern zombie (D:8)
  Dowan (D:7)
  A water moccasin zombie (D:7)
  2 scorpions
  5 killer bees (D:9)
  3 wights (D:7)
  4 howler monkeys
  4 crimson imps
  3 centaur zombies
  5 hounds
  2 jellies (D:5)
  A bullfrog zombie (D:5)
  Crazy Yiuf (D:7)
  A gnoll shaman (D:7)
  2 orc priests
  2 orc wizards
  A bullfrog skeleton (D:4)
  2 iguanas
  Ijyb (D:5)
  7 worker ants
  A worker ant zombie (D:5)
  11 gnolls
  9 adders
  A shadow imp (D:6)
  A white imp (D:5)
  An ooze (D:2)
  An adder zombie (D:9)
  4 worms
  A dart slug (D:1)
  3 leopard geckos
  30 orcs
  A ball python (D:2)
  3 bats
  5 giant cockroaches
  9 hobgoblins
  12 jackals
  13 kobolds
  4 quokkas
  5 frilled lizards
  9 goblins
  A quokka skeleton (D:4)
  3 rats
198 creatures vanquished.

Vanquished Creatures (others)
  A two-headed ogre (D:8)
  An orc wizard (D:4)
2 creatures vanquished.

Grand Total: 200 creatures vanquished

Notes
Turn   | Place    | Note
-------+----------+-------------------------------------------
     0 | D:1      | Gorglomux the Hill Orc Earth Elementalist began the quest for the Orb.
     0 | D:1      | Reached XP level 1. HP: 14/14 MP: 3/3
    14 | D:1      | Noticed a minotaur skeleton
   107 | D:1      | Reached skill level 1 in Fighting
   259 | D:1      | Reached XP level 2. HP: 24/24 MP: 4/4
   568 | D:1      | Reached skill level 3 in Fighting
   569 | D:1      | Reached XP level 3. HP: 24/31 MP: 5/5
   983 | D:2      | Found a hide-covered altar of Uskayaw.
  1104 | D:2      | Reached XP level 4. HP: 39/40 MP: 6/6
  1357 | D:2      | Reached skill level 1 in Axes
  1643 | D:2      | Reached skill level 2 in Axes
  1813 | D:3      | Reached XP level 5. HP: 35/47 MP: 7/7
  2420 | D:4      | Reached skill level 3 in Axes
  2486 | D:4      | Noticed an ogre
  2535 | D:3      | Noticed Gorglomux's ghost (amateur HOEE)
  2877 | D:4      | Reached skill level 4 in Axes
  2877 | D:4      | Reached XP level 6. HP: 36/56 MP: 4/8
  3102 | D:4      | Found a staircase to the Ecumenical Temple.
  3172 | Temple   | Entered the Ecumenical Temple
  3311 | Temple   | Became a worshipper of Warmaster Okawaru
  3485 | D:4      | Reached skill level 6 in Fighting
  3605 | D:4      | Reached skill level 5 in Axes
  3746 | D:4      | Reached XP level 7. HP: 48/64 MP: 9/9
  4016 | D:5      | Entered Level 5 of the Dungeon
  4128 | D:5      | Found a white marble altar of Elyvilon.
  4246 | D:5      | Reached * piety under Okawaru
  4356 | D:5      | Reached skill level 6 in Axes
  4622 | D:5      | Noticed Grinder
  4630 | D:5      | Noticed Grinder
  4630 | D:5      | Grinder changed into Grinder the white imp
  4643 | D:5      | Killed Grinder the white imp
  4653 | D:5      | Noticed Ijyb
  4694 | D:5      | Killed Ijyb
  4863 | D:5      | Reached skill level 7 in Axes
  4863 | D:5      | Reached XP level 8. HP: 50/74 MP: 10/10
  5837 | D:6      | Reached skill level 8 in Axes
  6099 | D:6      | Found a faded altar of an unknown god.
  6099 | D:6      | Found a faded altar of an unknown god.
  6106 | D:6      | Found a burning altar of Makhleb.
  6108 | D:6      | Found a bloodstained altar of Trog.
  6110 | D:6      | Found an ancient bone altar of Kikubaaqudgha.
  6551 | D:7      | Reached skill level 9 in Fighting
  6776 | D:7      | Reached skill level 9 in Axes
  6776 | D:7      | Reached skill level 1 in Armour
  6814 | D:7      | Noticed Duvessa
  6814 | D:7      | Noticed Dowan
  6842 | D:7      | Killed Duvessa
  6858 | D:7      | Killed Dowan
  6858 | D:7      | Reached ** piety under Okawaru
  6858 | D:7      | Reached XP level 9. HP: 63/83 MP: 8/11
  7264 | D:7      | Reached skill level 3 in Armour
  7456 | D:7      | Reached skill level 10 in Axes
  7998 | D:7      | Found a runed door.
  8134 | D:7      | Noticed Crazy Yiuf
  8144 | D:7      | Killed Crazy Yiuf
  8461 | D:8      | Found a burning altar of Makhleb.
  8472 | D:8      | Reached skill level 11 in Axes
  8648 | D:8      | Noticed Pikel
  8688 | D:8      | Killed Pikel
  8688 | D:8      | Reached *** piety under Okawaru
  8688 | D:8      | Reached skill level 6 in Armour
  8914 | D:8      | Reached XP level 10. HP: 91/91 MP: 12/12
  9091 | D:8      | Noticed a two-headed ogre
  9113 | D:8      | Killed a two-headed ogre
  9113 | D:8      | Reached skill level 12 in Axes
 10274 | D:9      | Reached skill level 1 in Shields
 10348 | D:9      | Noticed a tengu warrior
 10367 | D:9      | Reached skill level 13 in Axes
 10369 | D:9      | HP: 2/91 [tengu warrior/long sword of flaming[a tengu conjurer] (3)]
 10371 | D:9      | Slain by a tengu warrior

Vault maps used:
D:1:      shiori_arrival_whats_in_store_for_you, glass_columns_a
D:2:      eat_drink_and_be_merry_uskayaw
D:3:      first_bread
D:4:      minmay_temple_entry_enclosed_plants
D:5:      basic_altar, water_maze_lemuel, uniq_ijyb, uniq_grinder
D:6:      chequers_temple_overflow_minitemple
D:7:      serial_glass, glass_columns_b, glass_columns_a,
          uniq_crazy_yiuf_cottage, uniq_duvessa
D:8:      bloody_makhleb, uniq_pikel
Temple:   regret_index_temple_mists

Skill      XL: |  1  2  3  4  5  6  7  8  9 10 |
---------------+-------------------------------+-----
Fighting       | 1 3 4 5 6 8 9 |  9.2
Axes           | 2 4 5 7 9 11 13 | 13.0
Armour         | 2 6 7 |  7.9
Shields        | 2 |  2.5
Dodging        | |  1.5
Stealth        | |  1.5
Spellcasting   | |  1.5
Transmutations | |  0.6
Earth Magic    | |  3.0

Action                   |  1- 3 |  4- 6 |  7- 9 | 10-12 || total
-------------------------+-------+-------+-------+-------++-------
Melee: Spear             |    86 |       |       |       ||    86
       Hand axe          |       |   128 |   483 |    94 ||   705
       Punch             |       |       |     2 |       ||     2
       Dagger            |       |       |    21 |    79 ||   100
 Cast: Sandblast         |     2 |    17 |       |       ||    19
Invok: Heroism           |       |       |    12 |     4 ||    16
Evoke: Wand              |       |     2 |     3 |     2 ||     7
  Use: Scroll            |       |       |    13 |     1 ||    14
       Potion            |       |       |     1 |     2 ||     3
 Stab: Sleeping          |     6 |       |       |       ||     6
  Eat: Chunk             |     1 |     8 |    13 |     5 ||    27
       Royal jelly       |       |       |     2 |       ||     2
Armor: Robe              |     7 |    25 |       |       ||    32
       Scale mail        |       |     9 |   195 |   117 ||   321
       Skin              |       |       |       |     1 ||     1
Dodge: Dodged            |    38 |    85 |   192 |    46 ||   361
Block: Buckler           |       |       |    13 |    13 ||    26
       Large shield      |       |       |       |    71 ||    71

Table legend:
 A = Spawn XP
 B = Non-spawn XP
 C = Spawn XP percentage of total XP
 D = Spawn monster count
 E = Non-spawn monster count
 F = Spawn count percentage of total count
 G = Total turns spent on level
                    A         B        C        D         E        F      G
               +---------+---------+-------+---------+---------+-------+---------
         Total |     908 |    5942 |  13.3 |      30 |     169 |  15.1 | 10371
               +---------+---------+-------+---------+---------+-------+---------
           D:1 |       0 |      47 |   0.0 |       0 |      25 |   0.0 |   911
           D:2 |       2 |     104 |   1.9 |       1 |      15 |   6.2 |   787
           D:3 |       3 |      24 |  11.1 |       2 |      12 |  14.3 |   552
           D:4 |      80 |     443 |  15.3 |       3 |      13 |  18.8 |  1610
           D:5 |      68 |     763 |   8.2 |       5 |      34 |  12.8 |  1728
           D:6 |       2 |     243 |   0.8 |       1 |       4 |  20.0 |   768
           D:7 |      85 |    1462 |   5.5 |       4 |      31 |  11.4 |  1700
           D:8 |       9 |    2179 |   0.4 |       3 |      21 |  12.5 |  1097
           D:9 |     659 |     677 |  49.3 |      11 |      14 |  44.0 |  1062
               +---------+---------+-------+---------+---------+-------+---------
